 Dungeon Crawl Stone Soup version 0.19-a0-944-gb338e1e (webtiles) character file.

204 Charly the Insei (level 5, 0/27 HPs)
             Began as a Vine Stalker Monk on July 8, 2016.
             Slain by an orc wizard
             ... wielding a +0 dagger
              (2 damage)
             ... on level 6 of the Dungeon.
             The game lasted 00:08:08 (543 turns).

Charly the Insei (Vine Stalker Monk)                 Turns: 543, Time: 00:08:09

Health: 0/27       AC:  2    Str: 13    XL:     5   Next: 82%
Magic:  0/6        EV: 13    Int: 10    God:
Gold:   41         SH:  0    Dex: 18    Spells: 0 memorised, 4 levels left

rFire  . . .     SeeInvis .       - Unarmed
rCold  . . .     Gourm    .     a - +0 robe
rNeg   . . .     Faith    .     (no shield)
rPois  .         Spirit   +     (no helmet)
rElec  .         Dismiss  .     (no cloak)
rCorr  .         Reflect  .     (no gloves)
SustAt .         Harm     .     (no boots)
MR     .....                    (no amulet)
Stlth  ++........               (no ring)
                                (no ring)

@: lethally poisoned (0 -> -3), not resistant to hostile enchantments,
unstealthy
A: fangs 2, regeneration 1, magic shield, antimagic bite, no device heal 3, rot
immunity
a: no special abilities


You were on level 6 of the Dungeon.
You were full.

You visited 1 branch of the dungeon, and saw 6 of its levels.

You collected 41 gold pieces.

Inventory:

Missiles
 j - 14 poisoned needles
Armour
 a - a +0 robe (worn)
Scrolls
 g - a scroll of random uselessness
 k - a scroll of fog {unknown}
Potions
 c - 2 potions of curing
 d - 2 potions of might {unknown}
 l - a potion of lignification {unknown}
Comestibles
 b - a bread ration
 h - a meat ration


   Skills:
 - Level 2.6 Fighting
 - Level 2.4 Dodging
 - Level 2.4 Stealth
 + Level 6.3 Unarmed Combat


You had 4 spell levels left.
You didn't know any spells.

Dungeon Overview and Level Annotations

Branches:
Dungeon (6/15)
 Temple: D:4-7

Altars:

Annotations:
D:4 tstbtto's ghost, amateur HEFi


Innate Abilities, Weirdness & Mutations

You have extremely sharp teeth.
Your natural rate of healing is unusually fast.
When hurt, damage is shared between your health and your magic reserves.
Your bite disrupts and absorbs the magic of your enemies.
Potions and wands cannot restore your health.
You are immune to rotting.


Message History

You hear a crunching sound.
It was a scroll of random uselessness.
The orc warrior barely misses you. The orc hits you with a mace.
As you read the scroll labeled UVIAHO VIKIEXI, it crumbles to dust.
It is a scroll of identify.
c - 2 potions of curing The orc wizard hits you with a dagger.
The orc warrior misses you.
As you read the scroll labeled WOOD CAKEAZU, it crumbles to dust.
It is a scroll of recharging.
You aren't carrying any rechargeable items.
The orc hits you with a mace. The orc wizard hits you with a dagger.
The orc warrior hits you with a short sword!
* * * LOW HITPOINT WARNING * * *
As you read the scroll labeled BIOSHR INETYOBA, it crumbles to dust.
It is a scroll of enchant weapon.
You aren't carrying any weapons that can be enchanted.
The orc hits you but does no damage.
You are lethally poisoned!
The orc misses you. The orc wizard hits you with a dagger.
You die...

###.....
#....#.
......#
#.....
#....#
#....#
#ooo.#
#o@o.#
######


You could see an orc warrior, an orc priest, an orc wizard and 2 orcs.

Vanquished Creatures
  Sigmund (D:2)
  An orc wizard (D:5)
  A worm (D:2)
  A dart slug (D:1)
  An orc (D:5)
  A bat (D:1)
  2 giant cockroaches (D:1)
  2 goblins (D:1)
  A hobgoblin (D:2)
  6 jackals (D:1)
  5 kobolds
  3 rats
25 creatures vanquished.

Notes
Turn   | Place    | Note
-------+----------+-------------------------------------------
     0 | D:1      | Charly the Vine Stalker Monk began the quest for the Orb.
     0 | D:1      | Reached XP level 1. HP: 11/11 MP: 2/2
    92 | D:2      | Reached XP level 2. HP: 15/16 MP: 3/3
    99 | D:2      | Noticed Sigmund
   106 | D:2      | Killed Sigmund
   106 | D:2      | Reached skill level 5 in Unarmed Combat
   106 | D:2      | Reached XP level 3. HP: 6/19 MP: 2/4
   106 | D:2      | Reached XP level 4. HP: 7/23 MP: 2/5
   106 | D:2      | Reached XP level 5. HP: 8/27 MP: 2/6
   174 | D:1      | Reached skill level 6 in Unarmed Combat
   257 | D:4      | Noticed tstbtto's ghost (amateur HEFi)
   290 | D:5      | Entered Level 5 of the Dungeon
   539 | D:6      | Noticed an orc warrior
   543 | D:6      | Slain by an orc wizard

Vault maps used:
D:1:      ncdulo_halloftheorcs
D:2:      st_stairs_4, minmay_misc_feat_tower, grunt_ministairs_15,
          nemelex_altar_shiori, uniq_sigmund
D:3:      first_bread, serial_bayou_pond_c
D:4:      serial_shops, nicolae_shop_statue_plus,
          lightli_ossuary_entry_decrepit_ruins, minmay_checkerbox
D:5:      uniq_edmund, uniq_menkaure, uniq_crazy_yiuf_cottage
D:6:      lemuel_ratsnest, grunt_temple_overflow_open,
          grunt_temple_overflow_cloverleaf, serial_shops, nicolae_shop_crystal,
          grunt_decor_fettered

Skill      XL: |  1  2  3  4  5 |
---------------+----------------+-----
Unarmed Combat | 5 6 |  6.3
Fighting       | |  2.6
Dodging        | |  2.4
Stealth        | |  2.4

Action                   |  1- 3 |  4- 6 || total
-------------------------+-------+-------++-------
Melee: Unarmed           |    20 |    48 ||    68
       Bite              |     6 |    17 ||    23
       Punch             |       |     2 ||     2
  Use: Scroll            |       |     4 ||     4
 Stab: Sleeping          |     2 |     2 ||     4
  Eat: Fruit             |     4 |       ||     4
Armor: Robe              |       |     3 ||     3
Dodge: Dodged            |     7 |    40 ||    47
